Map: Lightshade LE

Players

Scarlett

  • Race: Zerg Zerg

Astrea - Winner!

  • Race: Protoss Protoss
  • League: Master

Event: DreamHack SC2 Masters 2021 Summer

VOD

Have the link to the VOD?

Description

Time

  • Played on: June 2, 2021, 3:14 p.m.
  • Length: 10:51

All games in this series

Show
View Real Time Build Order
Export as new Build Order

Scarlett Zerg 

Build Orders: Hatch First, Muta Ling Bane 

Get SALT Encoding   

  12  0:00  Drone  
  13  0:12  Overlord  
  13  0:17  Drone  
  14  0:30  Drone x2  
  16  0:38  Drone  
  17  0:51  Hatchery  
  17  0:54  Drone  
  17  0:57  Drone  
  18  1:08  Extractor  
  17  1:12  Spawning Pool  
  17  1:15  Drone  
  17  1:19  Drone  
  18  1:28  Drone  
  19  1:38  Drone  
  20  1:48  Overlord  
  20  1:58  Queen  
  22  2:02  Queen  
  22  2:03  Drone, Zergling x2  
  26  2:11  Metabolic Boost  
  26  2:12  Drone  
  27  2:15  Drone  
  28  2:24  Drone x2  
  30  2:36  Hatchery  
  29  2:38  Zergling x2  
  29  2:41  Drone  
  31  2:46  Queen  
  31  2:50  Overlord  
  33  2:56  Drone x2  
  35  3:03  Drone  
  36  3:09  Drone x3  
  36  3:11  Drone x3  
  41  3:15  Overlord  
  41  3:17  Drone  
  42  3:24  Roach Warren  
  41  3:28  Drone x2  
  41  3:32  Extractor  
  41  3:34  Queen  
  42  3:38  Drone x2  
  42  3:41  Drone  
  47  3:44  Drone  
  47  3:46  Drone  
  47  3:47  Overlord  
  49  3:53  Zergling x2  
  49  3:54  Zergling x6  
  53  4:01  Overlord  
  53  4:04  Roach x2  
  53  4:08  Roach x2  
  61  4:11  Roach  
  61  4:13  Spore Crawler  
  61  4:17  Spore Crawler, Overlord  
  62  4:20  Zergling x4  
  63  4:25  Ravager x2  
  65  4:34  Overlord  
  65  4:36  Drone x7  
  72  4:40  Spore Crawler  
  71  4:52  Lair  
  71  4:58  Spore Crawler  
  69  5:03  Drone x9  
  74  5:16  Drone x7  
  81  5:25  Extractor x2  
  81  5:26  Overlord  
  79  5:32  Overlord  
  79  5:35  Roach  
  81  5:38  Overlord  
  81  5:44  Queen x2  
  81  5:46  Drone x5  
  88  5:50  Evolution Chamber  
  85  5:58  Drone x5  
  85  6:00  Glial Reconstitution  
  85  6:02  Overseer  
  90  6:04  Overlord  
  90  6:08  Drone x2  
  90  6:09  Drone x5  
  92  6:29  Roach x9  
  92  6:32  Extractor, Zerg Missile Weapons Level 1  
  109  6:33  Extractor  
  109  6:39  Hatchery  
  104  6:47  Roach x4  
  104  6:49  Overlord x2  
  112  6:56  Overlord x3  
  112  7:04  Overlord x4  
  112  7:09  Drone x2  
  112  7:14  Ravager x2  
  112  7:15  Ravager  
  117  7:16  Spire  
  117  7:17  Queen  
  117  7:22  Roach x3  
  123  7:31  Roach x6  
  123  7:33  Ravager  
  123  7:36  Roach x2  
  140  7:39  Queen  
  142  7:46  Drone x7  
  149  7:56  Baneling Nest  
  145  7:58  Drone  
  145  7:59  Drone x3  
  145  8:00  Queen  
  145  8:03  Overlord x2  
  151  8:14  Drone x5  
  151  8:15  Spine Crawler  
  151  8:16  Spore Crawler  
  154  8:27  Mutalisk  
  154  8:28  Mutalisk x7  
  154  8:29  Overlord  
  154  8:33  Drone x3  
  154  8:34  Extractor x2  
  172  8:35  Drone x3  
  172  8:37  Drone  
  172  8:38  Evolution Chamber  
  172  8:39  Centrifical Hooks  
  174  8:42  Zerg Melee Weapons Level 1  
  174  8:56  Infestation Pit  
  174  8:59  Zergling x22  
  184  9:14  Drone  
  185  9:28  Drone x3  
  185  9:30  Drone, Spine Crawler  
  185  9:31  Drone x3  
  189  9:34  Hive  
  188  9:38  Hatchery  
  188  9:41  Spine Crawler  
  188  9:44  Zergling x16  
  200  9:50  Ravager x6  
  200  9:52  Baneling x2  
  200  9:53  Baneling x20  
  196  10:09  Baneling x16  
  196  10:14  Zergling x2  
  196  10:15  Zergling x6  
  175  10:29  Roach x3  
  175  10:30  Roach x11  
Show
View Real Time Build Order
Export as new Build Order

Astrea Protoss - Winner!

Build Orders: 1 Gate Expand, Archon Immortal, Archon Drop, Dark Templar Rush 

Get SALT Encoding   

  12  0:00  Probe  
  13  0:12  Probe  
  14  0:20  Pylon  
  14  0:24  Probe  
  15  0:38  Probe (Chrono Boost)  
  15  0:42  Gateway  
  16  0:47  Probe (Chrono Boost)  
  17  0:50  Assimilator  
  17  0:52  Probe (Chrono Boost)  
  18  1:04  Probe  
  19  1:16  Probe  
  20  1:25  Nexus  
  20  1:36  Cybernetics Core  
  20  1:39  Probe  
  21  1:49  Assimilator  
  21  1:51  Probe  
  21  1:53  Pylon  
  22  2:03  Probe  
  23  2:10  Adept (Chrono Boost)  
  23  2:11  Probe  
  23  2:13  Warp Gate  
  26  2:19  Probe  
  26  2:29  Probe  
  27  2:31  Stalker (Chrono Boost)  
  30  2:37  Twilight Council  
  30  2:38  Probe  
  30  2:41  Probe  
  32  2:50  Probe  
  33  2:54  Robotics Facility  
  33  2:55  Probe  
  34  3:02  Probe  
  35  3:07  Probe  
  36  3:14  Probe, Gateway  
  36  3:19  Probe, Dark Shrine  
  38  3:26  Probe  
  39  3:27  Adept  
  39  3:31  Probe  
  42  3:38  Warp Prism (Chrono Boost)  
  42  3:39  Pylon  
  43  3:43  Probe  
  43  3:45  Probe  
  46  3:53  Pylon  
  46  3:57  Probe  
  46  3:58  Probe  
  48  4:06  Adept  
  48  4:08  Adept  
  48  4:09  Probe  
  53  4:10  Observer  
  53  4:13  Probe  
  53  4:16  Assimilator  
  55  4:25  Probe  
  56  4:31  Dark Templar  
  56  4:32  Probe  
  56  4:33  Dark Templar  
  56  4:35  Nexus  
  56  4:36  Pylon  
  61  4:40  Probe  
  61  4:42  Assimilator  
  62  4:54  Probe x2  
  64  5:06  Probe x2  
  66  5:17  Dark Templar x2  
  66  5:18  Archon, Pylon  
  66  5:20  Forge  
  70  5:22  Archon  
  70  5:30  Charge  
  70  5:36  Probe x2, Immortal (Chrono Boost)  
  70  5:37  Gateway  
  70  5:39  Gateway  
  70  5:42  Pylon  
  76  5:48  Probe x2 (Chrono Boost), Protoss Ground Weapons Level 1 (Chrono Boost)  
  78  5:52  Probe (Chrono Boost)  
  79  6:00  Probe x2 (Chrono Boost), Gateway  
  79  6:02  Gateway, Sentry  
  79  6:03  Gateway, Sentry  
  86  6:04  Probe (Chrono Boost)  
  86  6:08  Probe x2 (Chrono Boost)  
  86  6:09  Probe (Chrono Boost)  
  89  6:14  Probe, Immortal (Chrono Boost)  
  94  6:29  Probe  
  94  6:30  Probe  
  96  6:33  Pylon  
  96  6:34  Pylon x2, Assimilator  
  96  6:38  Assimilator  
  96  6:43  Immortal (Chrono Boost)  
  100  6:48  Probe  
  100  6:50  Photon Cannon, Phoenix  
  100  6:51  Probe x2  
  100  6:53  Pylon, Zealot x3  
  109  6:54  Pylon  
  109  7:08  Zealot x4  
  109  7:14  Gateway  
  117  7:16  Templar Archives  
  117  7:18  Zealot x3  
  123  7:25  Protoss Ground Weapons Level 2 (Chrono Boost)  
  123  7:29  Immortal  
  127  7:42  Blink (Chrono Boost)  
  127  7:45  Probe x2  
  127  7:46  Probe, Nexus  
  127  7:49  Pylon  
  130  7:52  Zealot  
  130  7:58  Probe x3  
  135  8:05  Immortal (Chrono Boost)  
  135  8:10  Probe x2  
  141  8:13  Probe  
  141  8:14  Pylon  
  141  8:15  Pylon  
  142  8:22  Probe x2  
  144  8:27  Photon Cannon  
  144  8:30  High Templar  
  144  8:31  High Templar  
  144  8:32  Pylon  
  148  8:34  Archon, Pylon  
  148  8:42  High Templar x4  
  148  8:43  High Templar x2  
  148  8:44  Immortal  
  148  8:47  Archon x2  
  148  8:48  Archon  
  164  8:55  Photon Cannon, Shield Battery  
  164  9:01  Assimilator  
  160  9:10  Stalker x2  
  160  9:12  Photon Cannon, Pylon  
  160  9:14  Stalker  
  160  9:15  Stalker x5  
  176  9:23  Immortal  
  180  9:27  Assimilator  
  172  9:44  Stalker  
  172  9:45  Stalker x7  
  188  10:01  Photon Cannon  
  188  10:09  Stalker x6  
  188  10:13  Gateway  
  199  10:14  Gateway  
  199  10:16  Stalker  
  187  10:34  Stalker x7  
  161  10:48  Stalker  
Tags
 
Add a new tag
Caveats
  • Supply blocks, unpowered buildings, or Contaminate may cause inaccurate times.
  • Supply counts are checked every 10 seconds.